 Dungeon Crawl Stone Soup version 0.18-a0-1126-ga2d7f46 (webtiles) character file.

490 lysy the Magician (level 6, -2/32 HPs)
             Began as a Deep Elf Fire Elementalist on Jan 20, 2016.
             Killed by divine providence
             ... invoked by an orc priest
              (11 damage)
             ... on level 4 of the Dungeon.
             The game lasted 00:16:38 (4669 turns).

lysy the Magician (Deep Elf Fire Elementalist)      Turns: 4669, Time: 00:16:38

Health: -2/32      AC:  5    Str:  5    XL:     6   Next: 90%
Magic:  12/16      EV: 12    Int: 21    God:
Gold:   143        SH:  0    Dex: 16    Spells: 3 memorised, 8 levels left

rFire  . . .     SeeInvis .     n - +4 flail (holy)
rCold  . . .     Gourm    .     l - +0 leather armour
rNeg   . . .     Faith    .     (no shield)
rPois  .         Spirit   .     t - +0 helmet
rElec  .         Dismiss  .     (no cloak)
rCorr  .         Reflect  .     (no gloves)
SustAt .         Harm     .     d - +0 pair of boots
MR     +....                    (no amulet)
Stlth  ++........               (no ring)
                                p - ring of protection from magic

@: somewhat resistant to hostile enchantments, unstealthy
A: no striking features
a: no special abilities


You were on level 4 of the Dungeon.
You were not hungry.

You visited 1 branch of the dungeon, and saw 4 of its levels.

You collected 143 gold pieces.


   Skills:
 + Level 2.4 Dodging
 - Level 2.4 Stealth
 + Level 5.9 Spellcasting
 - Level 5.4 Conjurations
 - Level 5.1 Fire Magic


You had 8 spell levels left.
You knew the following spells:

 Your Spells              Type           Power        Failure   Level  Hunger
x - Sticky Flame          Conj/Fire      ####....     21%         4    ####...
z - Flame Tongue          Conj/Fire      ####.        1%          1    None
Z - Conjure Flame         Conj/Fire      ####....     8%          3    ##.....

Inventory:

Hand Weapons
 k - a +1 short sword
 n - a +4 flail of holy wrath (weapon)
Missiles
 g - 137 stones (quivered)
 r - 9 poisoned needles
Armour
 d - a +0 pair of boots (worn)
 l - a +0 leather armour (worn)
 t - a +0 helmet (worn)
Jewellery
 p - a ring of protection from magic (left hand)
Scrolls
 e - a scroll of remove curse
 f - a scroll of recharging {unknown}
 h - a scroll of immolation {!r}
 o - 2 scrolls of amnesia
 u - 2 scrolls of identify {@r1}
Potions
 i - 2 potions of flight {unknown}
 j - 2 potions of agility
 m - a potion of magic {unknown}
 s - a potion of lignification {unknown}
Books
 b - a book of Flames

   Spells                             Type                      Level
   a - Flame Tongue                   Conjuration/Fire             1
   b - Throw Flame                    Conjuration/Fire             2
   c - Conjure Flame                  Conjuration/Fire             3
   d - Inner Flame                    Hexes/Fire                   3
   e - Sticky Flame                   Conjuration/Fire             4
   f - Fireball                       Conjuration/Fire             5
Comestibles
 a - 3 chunks of flesh
 c - 5 bread rations
 q - a meat ration
 v - a beef jerky

Dungeon Overview and Level Annotations

Branches:
Dungeon (4/15)
 Temple: D:4-7

Altars:
Yredelemnul

Annotations:
D:4 YrmMerkstave's ghost, amateur DrTm

▒▒▒▒▒...▒▒▒▒.........▒▒▒▒....▒▒..
▒..▒▒ ▒.......▒▒ ▒▒....... .....▒
▒▒.....▒▒ ▒.▒.▒▒▒. ▒.▒▒.▒.▒
▒▒...▒▒ ▒..... . ▒ ....▒ ▒▒'▒▒
▒▒▒▒.▒▒▒ ▒.▒..▒ ▒.▒ .▒ ▒. ..▒ ▒.▒
▒▒.▒▒ ▒▒.e.▒▒ ▒)....▒ ▒▒...▒▒
▒▒▒▒▒▒▒.▒▒▒▒▒▒▒▒▒▒
.................▒
▒▒▒▒▒▒▒#▒▒▒▒▒▒▒▒(▒ ▒o▒ ▒o▒ ▒o▒


You could see an orc priest and an orc.


Message History

You throw a stone.
The stone hits the orc but does no damage.
The orc shouts!
The orc throws an exploding tomahawk.
The exploding tomahawk misses you.
The exploding tomahawk explodes!
The explosion of tomahawk fragments engulfs you!
You hear a shout! x4
Throwing (i - inventory):
g - 138 stones (quivered)
Aim: an orc, wielding a flail You throw a stone.
The stone hits the orc.
The orc is lightly wounded.
The orc throws an exploding tomahawk.
The exploding tomahawk hits you!
The exploding tomahawk explodes!
The explosion of tomahawk fragments engulfs you!
An orc priest comes into view. It is wielding a flail.
An orc priest comes into view. It is wielding a club.
Aiming: Conjure Flame The fire roars!
The orc priest calls upon Beogh to heal the orc.
The orc's wounds heal themselves!
Found 24 stones.
Aiming: Conjure Flame The fire roars!
A giant gecko comes into view.
The orc priest invokes the aid of Beogh against you.
Something smites you!
* * * LOW HITPOINT WARNING * * *
The orc priest calls down the wrath of Beogh upon you.
Something smites you!
You die...

Action                   |  1- 3 |  4- 6 || total
-------------------------+-------+-------++-------
Melee: Club              |    33 |       ||    33
       Short sword       |    22 |     7 ||    29
Throw: Stone             |    63 |     9 ||    72
 Cast: Flame Tongue      |    79 |    62 ||   141
       Conjure Flame     |     1 |    10 ||    11
  Use: Scroll            |     7 |       ||     7
       Potion            |     2 |     1 ||     3
  Eat: Chunk             |     6 |     1 ||     7
       Meat ration       |       |     1 ||     1

Vault maps used:
D:1:      tarquinn_simple_flora_water_a
D:2:      yredelemnul_altar_generic
D:3:      first_bread, wad_floor_pattern_untrapped
D:4:      kennysheep_six_static_rooms, kennysheep_generic_room_15, uniq_edmund

Notes
Turn   | Place    | Note
--------------------------------------------------------------
     0 | D:1      | lysy the Deep Elf Fire Elementalist began the quest for the Orb.
     0 | D:1      | Reached XP level 1. HP: 10/10 MP: 6/6
   294 | D:1      | Reached XP level 2. HP: 15/15 MP: 5/8
   849 | D:1      | Reached skill level 4 in Fire Magic
   962 | D:1      | Reached skill level 2 in Conjurations
  1122 | D:2      | Found a basalt altar of Yredelemnul.
  1180 | D:2      | Reached XP level 3. HP: 19/19 MP: 2/9
  1614 | D:2      | Learned a level 3 spell: Conjure Flame
  2790 | D:4      | Noticed a scorpion
  2790 | D:4      | Noticed YrmMerkstave's ghost (amateur DrTm)
  2803 | D:3      | HP: 1/19 [poisoned by a scorpion]
  2919 | D:3      | Killed a scorpion
  2919 | D:3      | Reached skill level 3 in Conjurations
  2919 | D:3      | Reached skill level 5 in Fire Magic
  2919 | D:3      | Reached XP level 4. HP: 20/24 MP: 0/10
  3073 | D:4      | HP: 2/24 [YrmMerkstave's ghost (8)]
  3709 | D:4      | Noticed an ogre
  3770 | D:4      | Killed an ogre
  3770 | D:4      | Reached skill level 4 in Conjurations
  3770 | D:4      | Reached XP level 5. HP: 28/28 MP: 0/12
  3801 | D:3      | Reached skill level 4 in Spellcasting
  4046 | D:4      | Reached XP level 6. HP: 32/32 MP: 5/14
  4333 | D:4      | Reached skill level 5 in Spellcasting
  4438 | D:4      | Noticed Edmund
  4452 | D:4      | Killed Edmund
  4452 | D:4      | Reached skill level 5 in Conjurations
  4542 | D:4      | Learned a level 4 spell: Sticky Flame
  4669 | D:4      | Killed from afar by an orc priest

Vanquished Creatures
  Edmund (D:4)
  An ogre (D:4)
  2 scorpions
  An orc priest (D:4)
  An orc wizard (D:4)
  A worker ant (D:4)
  4 adders
  An ooze (D:1)
  3 giant geckos
  4 orcs (D:4)
  A ball python (D:1)
  5 bats
  5 giant cockroaches
  7 goblins
  6 hobgoblins
  3 jackals (D:3)
  8 kobolds
  2 quokkas (D:2)
  2 giant newts (D:2)
  5 rats
63 creatures vanquished.
